AoeStats
← let me cook

MegaRandom

509231801Analyzed
3v3 RM · 5d ago on Sep 26, 2026· 30m 42s· 6 players
Game mode
Random Map
Map size
Normal (6 player)
Population
200
Speed
Normal
Resources
Standard
Victory
Conquest
Starting age
Dark Age
Ending age
Imperial Age
RankedLock teamsTeams togetherTeam positionsShared explorationLock speedFull tech treeHidden civsTurbo modeCheats
Victory
Defeat
🇺🇸 Ethiopians · United States
1331
+16
🇺🇸 Saracens · United States
1291
+18
🇺🇸 Vikings · United States
1290
+17
🇺🇸 Turks · United States
1350
-18
🇧🇷 Chinese · Brazil
1321
-17
🇬🇧 Malay · United Kingdom
1311
-16
let me cook
8:29 Loom
11:58 Feudal Age
14:15 Fletching
15:04 Padded Archer Armor
22:24 Double-Bit Axe
25:31 Castle Age
23:55 Horse Collar
25:36 Crossbowman
26:35 Bodkin Arrow
26:56 Leather Archer Armor
28:01 Wheelbarrow
27:59 Gold Mining
30:21 Hand Cart
30:44 Gold Shaft Mining
30:17 Stone Mining
Celestius
3:51 Loom
11:52 Feudal Age
12:47 Double-Bit Axe
16:06 Fletching
24:00 Castle Age
22:35 Padded Archer Armor
24:09 Crossbowman
24:48 Bodkin Arrow
28:50 Wheelbarrow
abyssquack
9:56 Loom
12:03 Feudal Age
25:17 Fletching
27:49 Double-Bit Axe
32:00 Castle Age
31:21 Scale Barding Armor
Alive
8:58 Loom
9:40 Loom
14:10 Feudal Age
16:29 Town Watch
18:34 Double-Bit Axe
23:48 Castle Age
26:30 Fletching
27:25 Wheelbarrow
28:01 Bodkin Arrow
28:06 Guard Tower
God Of The Sea People
3:13 Loom
25:07 Feudal Age
25:53 Double-Bit Axe
25:49 Horse Collar
26:46 Wheelbarrow
26:28 Padded Archer Armor
26:18 Fletching
27:13 Fletching
Karzul
2:46 Loom
11:55 Feudal Age
12:30 Double-Bit Axe
21:09 Fletching
28:39 Castle Age
Connection lost

Rejoining the realm…

Still unreachable

The connection could not be restored.

Session expired

The server has moved on; the page needs a fresh start.